| TOP OF THE 1ST |
|
University of Michigan Wolverines batting - Pitching for Clemson University Tigers : RHP Ahto Selin
|
|
Pitching: RHP Ahto Selin
|
|
|
Batting: RHB Chris Williamson
|
0-0: Called Strike 0-1: Ground out 6-3 (Groundball, 6, EV 88.1 MPH)
|
|
Batting: LHB Omar Gutierrez
|
0-0: Ball 1-0: Ball 2-0: Fly out, F7 (Flyball, 7S, EV 93.1 MPH)
|
|
Batting: RHB Danny Arroyo
|
0-0: Ball 1-0: Ball 2-0: Swinging Strike 2-1: Swinging Strike 2-2: Strikes out swinging, 2-3 out at first.
|
| Top of the 1st over - 0 runs, 0 hits, 0 errors, 0 left on base; University of Michigan 0 - Clemson University 0 |
| BOTTOM OF THE 1ST |
|
Clemson University Tigers batting - Pitching for University of Michigan Wolverines : RHP Henrik Berg
|
|
Pitching: RHP Henrik Berg
|
|
|
Batting: LHB Steve Gates
|
0-0: Called Strike 0-1: Ball 1-1: Ball 2-1: Swinging Strike 2-2: Ball 3-2: Foul Ball, location: 2F 3-2: Foul Ball, location: 2F 3-2: Strikes out looking
|
|
Batting: RHB Josh LeSage
|
0-0: Fly out, F5 (Popup, 5, EV 72.5 MPH)
|
|
Batting: LHB George Jedinak
|
0-0: Ball 1-0: Ball 2-0: SINGLE (Groundball, 6M, EV 99.4 MPH)
|
|
Batting: RHB Jason Duncan
|
0-0: Ground out 6-3 (Groundball, 56, EV 102.5 MPH)
|
| Bottom of the 1st over - 0 runs, 1 hit, 0 errors, 1 left on base; University of Michigan 0 - Clemson University 0 |
| TOP OF THE 2ND |
|
University of Michigan Wolverines batting - Pitching for Clemson University Tigers : RHP Ahto Selin
|
|
Batting: RHB Quirino Portel
|
0-0: Foul Ball, location: 2F 0-1: Ball 1-1: Ball 2-1: SINGLE (Line Drive, 7, EV 93.8 MPH)
|
|
Batting: LHB Lance Sabo
|
0-0: Ball 1-0: Called Strike 1-1: Foul Ball, location: 2F 1-2: Foul Ball, location: 2F 1-2: Foul Ball, location: 2F 1-2: Strikes out looking
|
|
Batting: RHB Aaron Marakovits
|
0-0: Called Strike Quirino Portel steals 2nd, throwing error, E2 Quirino Portel to third 0-1: Ball 1-1: Swinging Strike 1-2: Ball 2-2: Foul Ball, location: 2F 2-2: Ball 3-2: Strikes out swinging
|
|
Batting: RHB Mario Cruz
|
0-0: Ball 1-0: Ball 2-0: Called Strike 2-1: Ball 3-1: Base on Balls
|
|
Batting: LHB Murdock Cranton
|
0-0: Called Strike 0-1: Foul Ball, location: 2F 0-2: 3-RUN HOME RUN (Flyball, 9LD, EV 90.6 MPH), Distance : 349 ft
|
|
Batting: RHB Torsten Ernst
|
0-0: Ground out 6-3 (Groundball, 6, EV 97.5 MPH)
|
| Top of the 2nd over - 3 runs, 2 hits, 1 error, 0 left on base; University of Michigan 3 - Clemson University 0 |
| BOTTOM OF THE 2ND |
|
Clemson University Tigers batting - Pitching for University of Michigan Wolverines : RHP Henrik Berg
|
|
Batting: LHB Mario Nunez
|
0-0: Ball 1-0: Ball 2-0: Ball 3-0: Called Strike 3-1: Base on Balls
|
|
Batting: RHB Willis Suarez
|
0-0: Ball 1-0: Ball 2-0: Ball 3-0: Base on Balls Mario Nunez to second
|
|
Batting: RHB Marco Maggs
|
0-0: SINGLE (Line Drive, 89S, EV 108.8 MPH) Mario Nunez to third Willis Suarez to second
|
|
Batting: RHB Jose Rolon
|
0-0: Ball 1-0: Reached on error, E6 (Groundball, 6, EV 81.2 MPH) Mario Nunez scores Willis Suarez to third Marco Maggs to second
|
|
Batting: RHB David Rhodes
|
0-0: SINGLE (Groundball, 6MD, EV 105.0 MPH) Willis Suarez scores Marco Maggs to third Jose Rolon to second
|
|
Batting: LHB Steve Gates
|
0-0: Fly out, F8 (Line Drive, 8RM, EV 85.6 MPH) Runner from 3rd tags up, SCORES, throw by CF Jose Rolon to third
|
|
Batting: RHB Josh LeSage
|
0-0: SINGLE (Groundball, 56D, EV 103.8 MPH) Jose Rolon scores David Rhodes to second
|
|
Batting: LHB George Jedinak
|
0-0: Ball 1-0: Called Strike 1-1: Called Strike 1-2: Strikes out swinging
|
|
Batting: RHB Jason Duncan
|
0-0: Ball 1-0: Called Strike 1-1: Swinging Strike 1-2: Strikes out swinging, 2-3 out at first.
|
| Bottom of the 2nd over - 4 runs, 3 hits, 1 error, 2 left on base; University of Michigan 3 - Clemson University 4 |
| TOP OF THE 3RD |
|
University of Michigan Wolverines batting - Pitching for Clemson University Tigers : RHP Ahto Selin
|
|
Batting: RHB Chris Williamson
|
0-0: Foul Ball, location: 2F 0-1: Called Strike 0-2: Strikes out swinging
|
|
Batting: LHB Omar Gutierrez
|
0-0: Ground out 4-3 (Groundball, 34, EV 102.5 MPH)
|
|
Batting: RHB Danny Arroyo
|
0-0: Ball 1-0: Foul Ball, location: 2F 1-1: Ball 2-1: Ball 3-1: Swinging Strike 3-2: Foul Ball, location: 2F 3-2: Foul Ball, location: 2F 3-2: Foul Ball, location: 2F 3-2: Strikes out swinging
|
| Top of the 3rd over - 0 runs, 0 hits, 0 errors, 0 left on base; University of Michigan 3 - Clemson University 4 |
| BOTTOM OF THE 3RD |
|
Clemson University Tigers batting - Pitching for University of Michigan Wolverines : RHP Henrik Berg
|
|
Batting: LHB Mario Nunez
|
0-0: Ball 1-0: Foul Ball, location: 2F 1-1: Ball 2-1: Ball 3-1: Called Strike 3-2: Strikes out looking
|
|
Batting: RHB Willis Suarez
|
0-0: Ball 1-0: Ball 2-0: Ball 3-0: Called Strike 3-1: Base on Balls
|
|
Batting: RHB Marco Maggs
|
0-0: Fly out, F8 (Flyball, 8LM, EV 91.9 MPH)
|
|
Batting: RHB Jose Rolon
|
0-0: Called Strike 0-1: Ground out 5-3 (Groundball, 56S, EV 87.5 MPH)
|
| Bottom of the 3rd over - 0 runs, 0 hits, 0 errors, 1 left on base; University of Michigan 3 - Clemson University 4 |
| TOP OF THE 4TH |
|
University of Michigan Wolverines batting - Pitching for Clemson University Tigers : RHP Ahto Selin
|
|
Batting: RHB Quirino Portel
|
0-0: Called Strike 0-1: Swinging Strike 0-2: Ball 1-2: Strikes out swinging
|
|
Batting: LHB Lance Sabo
|
0-0: Called Strike 0-1: Ball 1-1: Ball 2-1: Foul Ball, location: 2F 2-2: Strikes out looking
|
|
Batting: RHB Aaron Marakovits
|
0-0: Called Strike 0-1: Ball 1-1: Foul Ball, location: 2F 1-2: Strikes out swinging
|
| Top of the 4th over - 0 runs, 0 hits, 0 errors, 0 left on base; University of Michigan 3 - Clemson University 4 |
| BOTTOM OF THE 4TH |
|
Clemson University Tigers batting - Pitching for University of Michigan Wolverines : RHP Henrik Berg
|
|
Batting: RHB David Rhodes
|
0-0: Ball 1-0: SINGLE (Groundball, 4MD, EV 105.0 MPH)
|
|
Batting: LHB Steve Gates
|
0-0: Called Strike 0-1: Foul Ball, location: 2F 0-2: Ball 1-2: Strikes out swinging
|
|
Batting: RHB Josh LeSage
|
0-0: Swinging Strike 0-1: Ball 1-1: Ball 2-1: Ball 3-1: SINGLE (Line Drive, 56D, EV 106.9 MPH) David Rhodes to second
|
|
Batting: LHB George Jedinak
|
0-0: Called Strike 0-1: Foul Ball, location: 2F 0-2: Ball 1-2: Foul Ball, location: 2F 1-2: Foul Ball, location: 2F 1-2: SINGLE (Groundball, 6M, EV 104.4 MPH) (infield hit) David Rhodes to third Josh LeSage to second
|
|
Batting: RHB Jason Duncan
|
0-0: Called Strike 0-1: Ball 1-1: Ball 2-1: Fielders Choice at 2nd, 5-4 (Groundball, 56, EV 83.1 MPH) David Rhodes scores Josh LeSage to third
|
|
Batting: LHB Mario Nunez
|
0-0: Swinging Strike 0-1: Ball 1-1: Fly out, F9 (Flyball, 89M, EV 85.0 MPH)
|
| Bottom of the 4th over - 1 run, 3 hits, 0 errors, 2 left on base; University of Michigan 3 - Clemson University 5 |
| TOP OF THE 5TH |
|
University of Michigan Wolverines batting - Pitching for Clemson University Tigers : RHP Ahto Selin
|
|
Batting: RHB Mario Cruz
|
0-0: Hit by Pitch
|
|
Batting: LHB Murdock Cranton
|
0-0: Ball 1-0: Ball 2-0: Ball 3-0: Called Strike 3-1: Grounds into double play, 6-4-3 (Groundball, 6, EV 98.1 MPH)
|
|
Batting: RHB Torsten Ernst
|
0-0: Called Strike 0-1: SINGLE (Line Drive, 8LS, EV 91.2 MPH)
|
|
Batting: RHB Chris Williamson
|
0-0: SINGLE (Line Drive, 4MD, EV 94.4 MPH) Torsten Ernst to second
|
|
Batting: LHB Omar Gutierrez
|
0-0: Called Strike 0-1: Foul Ball, location: 2F 0-2: Ball 1-2: Strikes out swinging
|
| Top of the 5th over - 0 runs, 2 hits, 0 errors, 2 left on base; University of Michigan 3 - Clemson University 5 |
| BOTTOM OF THE 5TH |
|
Clemson University Tigers batting - Pitching for University of Michigan Wolverines : RHP Henrik Berg
|
|
Batting: RHB Willis Suarez
|
0-0: Ball 1-0: Ball 2-0: Ball 3-0: Base on Balls
|
|
Batting: RHB Marco Maggs
|
0-0: Swinging Strike 0-1: Ball 1-1: Foul Ball, location: 2F 1-2: Foul Ball, location: 2F 1-2: Foul Ball, location: 2F 1-2: Ball 2-2: Ball 3-2: Base on Balls Willis Suarez to second
|
|
Batting: RHB Jose Rolon
|
0-0: SINGLE (Groundball, 4D, EV 97.5 MPH) Willis Suarez to third Marco Maggs to second Runner from 3rd tries for Home, SAFE, throw by CF to home
|
|
Batting: RHB David Rhodes
|
0-0: Sac Bunt to 5S - play at first, batter OUT! 5-3 Marco Maggs to third Jose Rolon to second
|
|
Batting: LHB Steve Gates
|
0-0: Called Strike 0-1: Ball 1-1: SINGLE (Groundball, 5S, EV 70.6 MPH) (infield hit) Marco Maggs scores Jose Rolon to third
|
|
Batting: RHB Josh LeSage
|
0-0: Called Strike 0-1: Ball 1-1: Ball 2-1: Called Strike 2-2: Grounds into double play, 6-4-3 (Groundball, 6, EV 101.2 MPH)
|
| Bottom of the 5th over - 2 runs, 2 hits, 0 errors, 1 left on base; University of Michigan 3 - Clemson University 7 |
| TOP OF THE 6TH |
|
University of Michigan Wolverines batting - Pitching for Clemson University Tigers : RHP Ahto Selin
|
|
Batting: RHB Danny Arroyo
|
0-0: Called Strike 0-1: Swinging Strike 0-2: Ball 1-2: Foul Ball, location: 2F 1-2: Foul Ball, location: 2F 1-2: Ball 2-2: Strikes out swinging
|
|
Batting: RHB Quirino Portel
|
0-0: Fly out, F8 (Flyball, 8RM, EV 77.5 MPH)
|
|
Batting: LHB Lance Sabo
|
0-0: Swinging Strike 0-1: SOLO HOME RUN (Line Drive, 89XD, EV 110.6 MPH), Distance : 432 ft
|
|
Batting: RHB Aaron Marakovits
|
0-0: Foul Ball, location: 2F 0-1: Ball 1-1: Foul Ball, location: 2F 1-2: Strikes out swinging
|
| Top of the 6th over - 1 run, 1 hit, 0 errors, 0 left on base; University of Michigan 4 - Clemson University 7 |
| BOTTOM OF THE 6TH |
|
Clemson University Tigers batting - Pitching for University of Michigan Wolverines : RHP Henrik Berg
|
|
Batting: LHB George Jedinak
|
0-0: Ball 1-0: Swinging Strike 1-1: Ball 2-1: Foul Ball, location: 2F 2-2: SINGLE (Line Drive, 6D, EV 98.8 MPH)
|
|
Batting: RHB Jason Duncan
|
0-0: Ball 1-0: Ball 2-0: Fly out, F8 (Flyball, 8RM, EV 91.9 MPH)
|
|
Batting: LHB Mario Nunez
|
0-0: Ball 1-0: Fielders Choice at 2nd, 4-6 (Groundball, 4, EV 101.9 MPH)
|
|
Batting: RHB Willis Suarez
|
0-0: Ball 1-0: Ball Mario Nunez steals 2nd base 2-0: 2-RUN HOME RUN (Flyball, 78XD, EV 105.6 MPH), Distance : 419 ft
|
|
Batting: RHB Marco Maggs
|
0-0: Called Strike 0-1: SINGLE (Line Drive, 89S, EV 93.1 MPH)
|
|
Batting: RHB Jose Rolon
|
0-0: Foul Ball, location: 2F 0-1: Ball 1-1: Fielders Choice at 2nd, 5-4 (Groundball, 56, EV 93.8 MPH)
|
| Bottom of the 6th over - 2 runs, 3 hits, 0 errors, 1 left on base; University of Michigan 4 - Clemson University 9 |
| TOP OF THE 7TH |
|
University of Michigan Wolverines batting - Pitching for Clemson University Tigers : RHP Ahto Selin
|
|
Batting: RHB Mario Cruz
|
0-0: Called Strike 0-1: SOLO HOME RUN (Flyball, 78XD, EV 106.9 MPH), Distance : 423 ft
|
|
Pitching: RHP Santos Gonzales
|
|
|
Batting: LHB Murdock Cranton
|
0-0: SINGLE (Groundball, 34D, EV 106.2 MPH)
|
|
Batting: RHB Torsten Ernst
|
0-0: Called Strike 0-1: Foul Ball, location: 2F 0-2: Ball 1-2: Ball 2-2: Strikes out looking
|
|
Batting: RHB Chris Williamson
|
0-0: Ball 1-0: Foul Ball, location: 2F 1-1: Called Strike 1-2: Ball 2-2: Grounds into double play, 6-4-3 (Groundball, 6M, EV 85.6 MPH)
|
| Top of the 7th over - 1 run, 2 hits, 0 errors, 0 left on base; University of Michigan 5 - Clemson University 9 |
| BOTTOM OF THE 7TH |
|
Clemson University Tigers batting - Pitching for University of Michigan Wolverines : RHP Henrik Berg
|
|
Batting: RHB David Rhodes
|
0-0: Ball 1-0: Ball 2-0: Ball 3-0: Called Strike 3-1: Foul Ball, location: 2F 3-2: Base on Balls
|
|
Batting: LHB Steve Gates
|
0-0: Bunted foul 0-1: Sac Bunt to 13S - play at first, batter OUT! 1-4 David Rhodes to second
|
|
Batting: RHB Josh LeSage
|
0-0: Called Strike 0-1: Called Strike 0-2: Ball 1-2: Foul Ball, location: 2F 1-2: Strikes out swinging
|
|
Batting: LHB George Jedinak
|
0-0: Ball 1-0: Foul Ball, location: 2F 1-1: Ball 2-1: Ball 3-1: SINGLE (Line Drive, 4D, EV 97.5 MPH) David Rhodes to third Runner from 3rd tries for Home, SAFE, throw by CF to home George Jedinak to second
|
|
Batting: RHB Jason Duncan
|
0-0: Ball 1-0: Swinging Strike 1-1: Swinging Strike 1-2: Strikes out swinging
|
| Bottom of the 7th over - 1 run, 1 hit, 0 errors, 1 left on base; University of Michigan 5 - Clemson University 10 |
| TOP OF THE 8TH |
|
University of Michigan Wolverines batting - Pitching for Clemson University Tigers : RHP Santos Gonzales
|
|
Batting: LHB Omar Gutierrez
|
0-0: SINGLE (Groundball, 6M, EV 101.9 MPH) (infield hit)
|
|
Batting: RHB Danny Arroyo
|
0-0: Ground out 5-3 (Groundball, 56S, EV 68.8 MPH) Omar Gutierrez to second
|
|
Batting: RHB Quirino Portel
|
0-0: Fly out, F7 (Flyball, 7S, EV 90.0 MPH)
|
|
Batting: LHB Lance Sabo
|
0-0: Fly out, F9 (Flyball, 9D, EV 104.4 MPH)
|
| Top of the 8th over - 0 runs, 1 hit, 0 errors, 1 left on base; University of Michigan 5 - Clemson University 10 |
| BOTTOM OF THE 8TH |
|
Clemson University Tigers batting - Pitching for University of Michigan Wolverines : RHP Henrik Berg
|
|
Batting: LHB Mario Nunez
|
0-0: Ball 1-0: Foul Ball, location: 2F 1-1: SINGLE (Groundball, 4MS, EV 67.5 MPH) (infield hit)
|
|
Batting: RHB Willis Suarez
|
0-0: Ball 1-0: Ball Mario Nunez steals 2nd base 2-0: SINGLE (Groundball, 34D, EV 105.0 MPH) Mario Nunez to third
|
|
Batting: RHB Marco Maggs
|
0-0: Called Strike 0-1: Ball 1-1: Ball 2-1: Ball 3-1: Base on Balls Willis Suarez to second
|
|
Batting: RHB Jose Rolon
|
0-0: DOUBLE (Line Drive, 89D, EV 91.2 MPH) Mario Nunez scores Willis Suarez scores Marco Maggs to third
|
|
Batting: RHB David Rhodes
|
0-0: Reached on error, E1 (Groundball, 15S, EV 70.0 MPH) Marco Maggs scores Jose Rolon scores
|
|
Batting: LHB Steve Gates
|
0-0: Ball 1-0: Fly out, F8 (Line Drive, 8RD, EV 95.0 MPH)
|
|
Batting: RHB Josh LeSage
|
0-0: Called Strike 0-1: Ball 1-1: Ball 2-1: Ball 3-1: Base on Balls
|
|
Batting: LHB George Jedinak
|
0-0: Called Strike 0-1: Ball 1-1: Foul Ball, location: 2F 1-2: Ball 2-2: Ball 3-2: Base on Balls David Rhodes to third Josh LeSage to second
|
|
Batting: RHB Jason Duncan
|
0-0: Ball 1-0: SINGLE (Groundball, 5S, EV 68.8 MPH) (infield hit) David Rhodes scores Josh LeSage to third George Jedinak to second
|
|
Batting: LHB Mario Nunez
|
0-0: Ball 1-0: SINGLE (Groundball, 34D, EV 85.0 MPH) (infield hit) Josh LeSage scores George Jedinak to third Jason Duncan to second
|
|
Batting: RHB Willis Suarez
|
0-0: Fly out, F7 (Flyball, 78S, EV 87.5 MPH)
|
|
Batting: RHB Marco Maggs
|
0-0: Ball 1-0: SINGLE (Flyball, 89S, EV 93.8 MPH) George Jedinak scores Jason Duncan to third Mario Nunez to second Runner from 3rd tries for Home, SAFE, throw by CF to home
|
|
Batting: RHB Jose Rolon
|
0-0: Ground out 4-3 (Groundball, 4, EV 108.8 MPH)
|
| Bottom of the 8th over - 8 runs, 6 hits, 1 error, 2 left on base; University of Michigan 5 - Clemson University 18 |
| TOP OF THE 9TH |
|
University of Michigan Wolverines batting - Pitching for Clemson University Tigers : RHP Santos Gonzales
|
|
Batting: RHB Aaron Marakovits
|
0-0: Foul Ball, location: 2F 0-1: Foul Ball, location: 2F 0-2: Strikes out swinging
|
|
Batting: RHB Mario Cruz
|
0-0: Foul Ball, location: 2F 0-1: Ball 1-1: Ground out 1-3 (Groundball, 25, EV 67.5 MPH)
|
|
Batting: LHB Murdock Cranton
|
0-0: Ball 1-0: Swinging Strike 1-1: Foul Ball, location: 2F 1-2: SINGLE (Groundball, 34D, EV 105.0 MPH)
|
|
Pitching: RHP George Garrett
|
|
|
Batting: RHB Torsten Ernst
|
0-0: Ball 1-0: Fly out, F7 (Flyball, 78S, EV 90.6 MPH)
|
| Top of the 9th over - 0 runs, 1 hit, 0 errors, 1 left on base; University of Michigan 5 - Clemson University 18 |
|